 Dungeon Crawl Stone Soup version 0.25-a0-670-g50981ef59b (webtiles) character file.

Game seed: 11585925914459005084, levelgen mode: deterministic

7346 Armakuni the Basher (level 11, -2/87 HPs)
             Began as a Human Wanderer on Mar 29, 2020.
             Was a Believer of Elyvilon.
             Slain by Snorg (14 damage)
             ... on level 10 of the Dungeon.
             The game lasted 00:39:15 (11418 turns).

Armakuni the Basher (Human Wanderer)               Turns: 11418, Time: 00:39:15

Health: -2/87      AC: 11    Str: 17      XL:     11   Next: 35%
Magic:  16/16      EV: 11    Int: 14      God:    Elyvilon [**....]
Gold:   370        SH:  0    Dex: 12 (14) Spells: 11/12 levels left

rFire    + . .     SeeInvis .   a - +3 dire flail (protect)
rCold    . . .     Gourm    .   (shield currently unavailable)
rNeg     . . .     Faith    .   x - +1 swamp dragon scales
rPois    +         Spirit   .   m - +0 helmet
rElec    .         Reflect  .   (no cloak)
rCorr    .         Harm     .   (no gloves)
MR       .....                  (no boots)
Stlth    +.........             R - amulet of regeneration
HPRegen  0.64/turn              F - ring of protection from fire
MPRegen  0.15/turn              V - +4 ring of strength

@: no status effects
A: slimy green scales 1, sturdy frame 1
a: Lesser Healing, Heal Other, Divine Protection, Renounce Religion


You were on level 10 of the Dungeon.
You worshipped Elyvilon.
Elyvilon was pleased with you.
You were not hungry.

You visited 2 branches of the dungeon, and saw 11 of its levels.

You collected 538 gold pieces.
You spent 168 gold pieces at shops.

Inventory:

Hand Weapons
 a - a +3 dire flail of protection (weapon)
Missiles
 d - 16 poisoned darts (quivered)
 q - 2 boomerangs
 t - 176 arrows
 w - 14 javelins
Armour
 m - a +0 helmet (worn)
 v - a +2 buckler
 x - +1 swamp dragon scales (worn)
Jewellery
 F - a ring of protection from fire (left hand)
 P - an uncursed ring of poison resistance
 R - an amulet of regeneration (around neck)
 V - a +4 ring of strength (right hand)
Wands
 h - a wand of flame (5)
 n - a wand of paralysis (6)
 z - a wand of polymorph (10)
 B - a wand of iceblast (7)
Scrolls
 c - a scroll of blinking
 g - 5 scrolls of remove curse
 k - 2 scrolls of magic mapping
 p - 2 scrolls of amnesia
 r - 4 scrolls of identify
 C - 2 scrolls of fear
Potions
 e - 2 potions of brilliance
 j - 2 potions of curing
 l - a potion of mutation
 u - 3 potions of stabbing
Comestibles
 b - 2 chunks of flesh
 f - 20 rations


   Skills:
 - Level 8.7 Fighting
   Level 4.3 Short Blades
 + Level 10.1(10.9) Maces & Flails
   Level 6.7(9.4) Staves
 - Level 1.0 Throwing
 - Level 1.2 Armour
 - Level 1.2 Dodging
 - Level 1.0 Stealth
 - Level 1.0 Spellcasting
   Level 2.0 Poison Magic
 + Level 7.0 Invocations
 - Level 1.0 Evocations


You had 11 spell levels left.
You knew the following spells:

 Your Spells              Type           Power        Failure   Level  Hunger
z - Apportation           Tloc           #.....       34%         1    ##.....

Your spell library contained the following spells:

 Spells                   Type           Power        Failure   Level  Hunger
 Animate Skeleton         Necr           N/A          34%         1    ##.....
 Beastly Appendage        Tmut           #.....       34%         1    ##.....
 Corona                   Hex            #......      34%         1    ##.....
 Shock                    Conj/Air       #...         34%         1    ##.....
 Summon Small Mammal      Summ           #...         34%         1    ##.....
 Sticks to Snakes         Tmut           #.......     47%         2    ###....
 Sublimation of Blood     Necr           #.........   47%         2    ###....
 Swiftness                Chrm/Air       #.......     47%         2    ###....
 Spider Form              Tmut/Pois      #.........   56%         3    ####...
 Ignite Poison            Fire/Tmut/Pois #.......     63%         3    ####...
 Static Discharge         Conj/Air       #.......     71%         3    ####...
 Airstrike                Air            #.........   98%         4    #####..
 Ice Form                 Ice/Tmut       #.......     98%         4    #####..
 Petrify                  Tmut/Erth      #.......     98%         4    #####..
 Alistair's Intoxication  Tmut/Pois      #.......     100%        5    ######.
 Blade Hands              Tmut           #.........   100%        5    ######.
 Irradiate                Conj/Tmut      #.........   100%        5    ######.
 Lightning Bolt           Conj/Air       #.........   100%        5    ######.
 Eringya's Noxious Bog    Tmut/Pois      #.........   100%        6    #######


Dungeon Overview and Level Annotations

Branches:
Dungeon (10/15)            Temple (1/1) D:7
   Lair: D:8-11         Orc: D:9-12

Altars:
Ashenzari
Cheibriados
Dithmenos
Elyvilon
Fedhas
Gozag
Hepliaklqana
Kikubaaqudgha
Makhleb
Nemelex Xobeh
Okawaru
Qazlal
Ru
Sif Muna
Trog
Uskayaw
Vehumet
Wu Jian
Xom
Yredelemnul
Zin
The Shining One

Shops:
D:8 ?

Portals:
Trove: D:10 (give +4 demon trident)

Annotations:
D:3 3 runed translucent doors, zkyp's ghost, amateur MiEn
D:10 Fannar; Snorg


Innate Abilities, Weirdness & Mutations

You are partially covered in slimy green scales. (AC +2)
Your movements are slightly less encumbered by armour. (ER -2)


Message History

Snorg is too close now for your liking.
Okay, then.
Unknown command.
Evoke which item? (* to show all) (? for menu, Esc to quit)
Aiming: Paralyse
Press: ? - help, Shift-Dir - straight line, f/p - Snorg
Aim: Snorg (moderately wounded, berserk, fast, unusually strong, chance to defeat MR: 17%) Snorg resists with almost no effort.
Okay, then.
Evoke which item? (* to show all) (? for menu, Esc to quit)
Aiming: Paralyse
Press: ? - help, Shift-Dir - straight line, f/p - Snorg
Aim: Snorg (moderately wounded, berserk, fast, unusually strong, chance to defeat MR: 17%) Snorg resists with almost no effort.
As you read the scroll of fear, it crumbles to dust.
You assume a fearsome visage.
Snorg barely misses you. Snorg claws you! Snorg misses you. Snorg bites you!!
* * * LOW HITPOINT WARNING * * *
Snorg claws you!
You die...

##......#..#..........#
#####.###.'..........#
+# #.# ###..........#
.. #.# ####'###### .#
#.# #.รท# #.# #.##
##.###### ##.. #..#
#......# #.. #####.##
######'## ###(####
#......# #@......#
#..T.... #......#
#.T.....# #.......
#......# #.......#
#....... #......#
#.......###.......
.........#
#.......#.'.......
###......#
#.......#.#.......
#.......
+.......'.#.......
#......#
#.......###.......
####.### ###+#####
####+###


You could see Snorg (berserk).

Vanquished Creatures
  2 guardian mummies (D:10)
  Maggie (D:8)
  2 trolls
  A hornet (D:8)
  Grinder (D:3)
  A hippogriff (D:9)
  A vampire (D:10)
  Sigmund (D:3)
  A human (D:7)
  2 hungry ghosts
  Eustachio (D:5)
  3 hogs (D:7)
  Grum (D:9)
  Menkaure (D:7)
  2 black bears
  3 orc warriors
  A hornet zombie (D:9)
  4 ice beasts
  5 ogres
  A sky beast (D:9)
  2 phantoms
  A wolf (D:9)
  6 centaurs
  6 bullfrogs
  3 scorpions
  4 killer bees (D:8)
  3 crimson imps
  3 bullfrog zombies
  A jelly (D:8)
  A quasit (D:7)
  5 hounds
  3 orc priests
  Jessica (D:3)
  An iguana (D:8)
  3 orc wizards
  9 worker ants
  2 hound zombies
  13 adders
  12 gnolls
  3 oozes
  An adder skeleton (D:8)
  4 worms (D:2)
  6 dart slugs
  5 leopard geckos
  21 orcs
  5 giant cockroaches
  6 goblins
  10 hobgoblins
  11 jackals
  3 quokkas
  A ball python (D:5)
  7 bats
  2 frilled lizards
  14 kobolds
  A leopard gecko skeleton (D:6)
  A leopard gecko zombie (D:7)
  6 rats
221 creatures vanquished.

Vanquished Creatures (collateral kills)
  Ijyb (D:5)
1 creature vanquished.

Vanquished Creatures (others)
  A hog (D:7)
  A human (D:6)
2 creatures vanquished.

Grand Total: 224 creatures vanquished

Notes
Turn   | Place    | Note
-------+----------+-------------------------------------------
     0 | D:1      | Armakuni the Human Wanderer began the quest for the Orb.
     0 | D:1      | Armakuni set off with the following items: a +2 dagger, a
                  | curare-tipped dart, a +0 falchion, a potion of curing, a +0
                  | robe, a ration
     0 | D:1      | Reached XP level 1. HP: 16/16 MP: 2/2
   202 | D:1      | Reached skill level 1 in Short Blades
   202 | D:1      | Reached XP level 2. HP: 13/23 MP: 3/3
   791 | D:1      | Reached XP level 3. HP: 20/28 MP: 4/4
  1237 | D:2      | Reached XP level 4. HP: 30/35 MP: 5/5
  2003 | D:2      | Reached XP level 5. HP: 34/41 MP: 6/6
  2313 | D:3      | Found a runed translucent gate.
  2313 | D:3      | Found a runed translucent gate.
  2313 | D:3      | Found an opulent altar of Gozag.
  2314 | D:3      | Found a runed translucent gate.
  2317 | D:3      | Noticed zkyp's ghost (amateur MiEn)
  2558 | D:3      | Noticed Sigmund
  2558 | D:3      | Noticed Jessica
  2568 | D:3      | Killed Jessica
  2632 | D:3      | Killed Sigmund
  2632 | D:3      | Reached XP level 6. HP: 42/49 MP: 7/7
  3302 | D:3      | Noticed Grinder
  3308 | D:3      | Paralysed by Grinder for 5 turns
  3332 | D:3      | Paralysed by Grinder for 6 turns
  3345 | D:3      | Killed Grinder
  3345 | D:3      | Reached skill level 3 in Maces & Flails
  3345 | D:3      | Reached XP level 7. HP: 55/55 MP: 8/8
  3471 | D:4      | Reached skill level 5 in Fighting
  4751 | D:4      | Gained mutation: Your movements are slightly less
                  | encumbered by armour. (ER -2) [potion of mutation]
  4751 | D:4      | Gained mutation: You are partially covered in slimy green
                  | scales. (AC +2) [potion of mutation]
  5093 | D:4      | Reached XP level 8. HP: 62/62 MP: 9/9
  5198 | D:5      | Entered Level 5 of the Dungeon
  5546 | D:5      | Reached skill level 5 in Staves
  6026 | D:5      | Noticed Eustachio
  6030 | D:5      | Noticed Ijyb
  6039 | D:5      | Killed Ijyb
  6077 | D:5      | Killed Eustachio
  6665 | D:6      | Reached skill level 1 in Armour
  6665 | D:6      | Reached skill level 1 in Dodging
  6665 | D:6      | Reached XP level 9. HP: 68/68 MP: 10/10
  6887 | D:6      | Reached skill level 4 in Maces & Flails
  7000 | D:6      | Found an ancient bone altar of Kikubaaqudgha.
  7246 | D:7      | Noticed Menkaure
  7264 | D:7      | Killed Menkaure
  7278 | D:7      | Found a shattered altar of Ashenzari.
  7353 | D:7      | Reached skill level 5 in Maces & Flails
  7545 | D:7      | Killed a hog
  7549 | D:7      | Reached skill level 6 in Maces & Flails
  7603 | D:7      | Found a sacrificial altar of Ru.
  7718 | D:7      | Found a staircase to the Ecumenical Temple.
  7726 | Temple   | Entered the Ecumenical Temple
  7747 | Temple   | Became a worshipper of Elyvilon the Healer
  8262 | D:7      | Reached XP level 10. HP: 73/80 MP: 11/11
  8265 | D:7      | Found an iron altar of Okawaru.
  8474 | D:8      | Reached skill level 7 in Maces & Flails
  8669 | D:8      | Noticed Maggie
  8697 | D:8      | Killed Maggie
  8787 | D:8      | Reached skill level 1 in Invocations
  8890 | D:8      | Reached * piety under Elyvilon
  8960 | D:8      | Reached skill level 8 in Maces & Flails
  9070 | D:8      | Found Ylytez Ihuetz's Magic Scroll Boutique.
  9076 | D:8      | Bought a scroll of enchant weapon for 90 gold pieces
  9084 | D:8      | Bought a scroll of magic mapping for 42 gold pieces
  9084 | D:8      | Bought a scroll of teleportation for 36 gold pieces
  9374 | D:8      | Found a sparkling altar of Nemelex Xobeh.
  9777 | D:9      | Reached ** piety under Elyvilon
 10036 | D:9      | Learned a level 1 spell: Apportation
 10074 | D:9      | Got a crude mace
 10075 | D:9      | Identified the +8 mace of the Hawk {drain, MR+} (You found
                  | it on level 9 of the Dungeon)
 10300 | D:9      | Reached skill level 9 in Maces & Flails
 10317 | D:9      | Reached XP level 11. HP: 79/87 MP: 14/14
 10320 | D:9      | Reached skill level 5 in Invocations
 10696 | D:9      | Reached *** piety under Elyvilon
 10885 | D:10     | Entered Level 10 of the Dungeon
 10885 | D:10     | Noticed Grum
 10897 | D:9      | Killed Grum
 10951 | D:10     | Found a portal to a secret trove of treasure.
 11104 | D:10     | Reached skill level 10 in Maces & Flails
 11201 | D:10     | Found a shadowy altar of Dithmenos.
 11226 | D:10     | Noticed Fannar
 11397 | D:10     | Noticed Snorg
 11418 | D:10     | Slain by Snorg

Levels and vault maps discovered:
D:1:      dpeg_arrival_chambers_temple_mockup, layout_rooms
D:2:      wad_river_or_something, layout_loops_ring, minmay_indecisive_spiral
D:3:      layout_loops_ring, first_ration, ebering_ghost_gozag, uniq_sigmund,
          uniq_grinder, uniq_jessica
D:4:      layout_gridville, minmay_cut_off
D:5:      layout_cave_pools, st_stairs_12, uniq_ijyb, uniq_eustachio
D:6:      layout_loops_ring, minmay_holes, tgw_kikubaaqudgha
D:7:      layout_basic, okawaru_gym_becter, minmay_temple_entry_gardened_gates,
          basic_altar, minmay_stone_trees_small, hex_large,
          roderic_roman_lattice, grunt_livestock, nicolae_ru_path_of_blood,
          uniq_menkaure
D:8:      layout_layer_cave, serial_shops, shop_scrolls,
          hangedman_abyss_or_decor_jellyfish_corner,
          nemelex_lonely_heart_becter, uniq_maggie
D:9:      layout_stronghold, minmay_fractal_squares_diagonal_5
D:10:     layout_roguey, serial_shops, kennysheep_mini_moat,
          nicolae_trove_entry_path_of_doom,
          nicolae_dithmenos_through_a_glass_darkly, uniq_grum, uniq_maurice,
          uniq_fannar, uniq_snorg
Temple:   nicolae_temple_the_god_donut

Skill      XL: |  1  2  3  4  5  6  7  8  9 10 11 |
---------------+----------------------------------+-----
Short Blades   | 1 2 4 |  4.3
Fighting       | 3 4 5 7 8 |  8.7
Maces & Flails | 3 6 9 10 | 10.1
Staves         | 3 6 |  6.7
Armour         | 1 |  1.2
Dodging        | 1 |  1.2
Invocations    | 4 7 |  7.0
Throwing       | |  1.0
Stealth        | |  1.0
Spellcasting   | |  1.0
Poison Magic   | |  2.0
Evocations     | |  1.0

Action                   |  1- 3 |  4- 6 |  7- 9 | 10-12 || total
-------------------------+-------+-------+-------+-------++-------
Melee: Dagger            |    79 |   218 |    56 |       ||   353
       Quarterstaff      |       |       |    85 |       ||    85
       Dire flail        |       |       |   207 |   421 ||   628
 Fire: Hunting sling     |    21 |    58 |     2 |       ||    81
       Shortbow          |       |       |    46 |       ||    46
Throw: Boomerang         |       |     2 |       |       ||     2
       Dart              |       |     1 |     1 |     5 ||     7
       Throwing net      |       |       |       |     1 ||     1
Invok: Lesser Healing    |       |       |       |    31 ||    31
       Heal Other        |       |       |       |     1 ||     1
Evoke: Wand              |       |       |    13 |    13 ||    26
  Use: Potion            |     3 |     3 |     2 |     2 ||    10
       Scroll            |     5 |     6 |     6 |    12 ||    29
 Stab: Paralysed         |       |       |     5 |     2 ||     7
       Distracted        |       |       |       |     1 ||     1
       Sleeping          |       |       |       |     1 ||     1
  Eat: Chunk             |       |     7 |    12 |    12 ||    31
       Ration            |       |     1 |     2 |     2 ||     5
Armor: Robe              |    12 |       |       |       ||    12
       Leather armour    |    14 |    65 |    32 |       ||   111
       Skin              |       |    22 |       |    28 ||    50
       Ring mail         |       |       |   113 |    34 ||   147
       Swamp dragon scal |       |       |       |   121 ||   121
Dodge: Dodged            |    41 |    89 |   177 |   227 ||   534

Table legend:
 A = Non-vault XP
 B = Vault XP
 C = Vault XP percentage of total XP
 D = Non-vault monster count
 E = Vault monster count
 F = Vault count percentage of total count
                 A         B        C        D         E       F
            +---------+---------+-------+---------+---------+-------
      Total |    7158 |    3237 |  31.1 |     189 |      33 |  14.9
            +---------+---------+-------+---------+---------+-------
        D:1 |      32 |       0 |   0.0 |      13 |       0 |   0.0
        D:2 |      70 |      45 |  39.1 |      21 |      13 |  38.2
        D:3 |      82 |     524 |  86.5 |      24 |       3 |  11.1
        D:4 |     422 |       0 |   0.0 |      12 |       0 |   0.0
        D:5 |     515 |     177 |  25.6 |      13 |       3 |  18.8
        D:6 |     419 |       0 |   0.0 |      18 |       0 |   0.0
        D:7 |     904 |     928 |  50.7 |      20 |       5 |  20.0
        D:8 |    1706 |     359 |  17.4 |      31 |       1 |   3.1
        D:9 |    2127 |     497 |  18.9 |      28 |       6 |  17.6
       D:10 |     881 |     707 |  44.5 |       9 |       2 |  18.2
            +---------+---------+-------+---------+---------+-------
